 Dungeon Crawl Stone Soup version 0.28.0-43-g3370ac3207 (webtiles) character file.

Game seed: 1505931297406731006

51 issech the Cudgeller (level 3, -3/36 HPs)
             Began as a Troll Monk on Mar 26, 2022.
             Killed from afar by Sigmund (8 damage)
             ... with a magic dart
             ... on level 2 of the Dungeon.
             The game lasted 00:04:55 (1213 turns).

issech the Cudgeller (Troll Monk)                   Turns: 1213, Time: 00:04:56

Health: -3/36      AC:  4    Str: 19    XL:     3   Next: 57%
Magic:  2/2        EV: 11    Int:  6    God:
Gold:   43         SH:  0    Dex: 20    Spells: 2/2 levels left

rFire   . . .      SeeInvis .   a - +0 mace
rCold   . . .      Faith    .   (no shield)
rNeg    . . .      Spirit   .   b - +0 robe
rPois   .          Reflect  .   (helmet restricted)
rElec   .          Harm     .   (no cloak)
rCorr   +          Rampage  .   (gloves unavailable)
Will    .....                   (boots unavailable)
Stlth   ++........              (no amulet)
HPRegen 0.92/turn               c - ring of resist corrosion
MPRegen 0.08/turn               e - +6 ring of dexterity

@: no status effects
A: large, unfitting armour, claws 3, regeneration 1, shaggy fur 1, tough skin 1
a: no special abilities


You were on level 2 of the Dungeon.
You visited 1 branch of the dungeon, and saw 2 of its levels.

You collected 43 gold pieces.

Inventory:

Hand Weapons
 a - a +0 mace (weapon)
Missiles
 d - 24 stones (quivered)
 f - 23 arrows
 g - 2 atropa-tipped darts
 o - 4 boomerangs
 p - 6 poisoned darts
Armour
 b - a +0 robe (worn)
Jewellery
 c - a ring of resist corrosion (left claw)
 e - a +6 ring of dexterity (right claw)
Scrolls
 h - a scroll of blinking {unknown}
 i - a scroll of immolation
 k - 2 scrolls of teleportation {unknown}
 m - a scroll of acquirement {unknown}
Potions
 j - 2 potions of heal wounds {unknown}
 l - a potion of attraction {unknown}
 n - a potion of curing {unknown}


   Skills:
 + Level 2.8 Fighting
 + Level 3.3 Maces & Flails
 + Level 2.8 Dodging
 + Level 1.2 Stealth


You had 2 spell levels left.
You didn't know any spells.
Your spell library contained the following spells:

 Spells                   Type           Power      Damage    Failure   Level
 Alistair's Intoxication  Tmut/Pois      0%         N/A       100%        5
 Borgnjor's Vile Clutch   Necr/Erth      0%         N/A       100%        5
 Eringya's Noxious Bog    Tmut/Pois      0%         N/A       100%        6


Dungeon Overview and Level Annotations

Branches:
Dungeon (2/15)

Altars:

Shops:
D:2 :[*:

Annotations:
D:2 Sigmund


Innate Abilities, Weirdness & Mutations

You are too large for most types of armour.
You have claws for hands.
Your natural rate of healing is unusually fast.
You are covered in fur. (AC +1)
You have tough skin. (AC +1)


Message History

You see here a +0 dagger.
There is a stone staircase leading up here.
A frilled lizard comes into view.
A frilled lizard is nearby!
The frilled lizard misses you.
You sock the frilled lizard!
You kill the frilled lizard!
You see here a frilled lizard corpse.
You see here a frilled lizard corpse.
There is a stone staircase leading down here.
There is a stone staircase leading up here.
Sigmund the Dreaded comes into view.
He is wielding a +0 scythe.
Sigmund shouts!
Sigmund hits you but does no damage.
You barely miss Sigmund. Sigmund completely misses you.
You hit Sigmund.
Sigmund is lightly wounded.
Sigmund gestures wildly while chanting.
Sigmund flickers and vanishes!
Deactivating autopickup; reactivate with Ctrl-A.
Something hits you.
A magic dart appears from out of thin air!
The magic dart hits you!
You are confused.
You bump into the rock wall.
Something hits you.
You hear some strange, mumbled words.
A puff of flame appears from out of thin air!
The puff of flame hits you.
You bump into the rock wall.
You feel less confused. Something hits you! Something hits you!
* * * LOW HITPOINT WARNING * * *
A puff of flame appears from out of thin air!
The puff of flame hits you!
* * * LOW HITPOINT WARNING * * *
A magic dart appears from out of thin air!
The magic dart hits you!
You die...

##### ## ##### #....
.####################...#####....
..............>............##....
[################.......##.......
### ####### #.@.###...#####....
..# #.....#####.### #...# #...†
.## #........{..# ##### #.... .#
#.......##### #..). .#
#######.....###### ####† .##
#####......# #. ..########
######..# #. .........# .### #.
.#######.# ... ####.


There were no monsters in sight!

Vanquished Creatures
  An adder (D:2)
  A worm (D:2)
  2 dart slugs (D:1)
  4 bats
  3 endoplasms
  3 giant cockroaches (D:2)
  3 goblins
  2 hobgoblins
  4 quokkas
  3 ball pythons (D:2)
  2 frilled lizards (D:2)
  3 kobolds
  3 rats
34 creatures vanquished.

Notes
Turn   | Place    | Note
-------+----------+-------------------------------------------
     0 | D:1      | issech the Troll Monk began the quest for the Orb.
     0 | D:1      | Reached XP level 1. HP: 22/22 MP: 0/0
   268 | D:1      | Found a faded altar of an unknown god.
   273 | D:1      | Reached XP level 2. HP: 26/29 MP: 1/1
   421 | D:1      | Reached skill level 3 in Maces & Flails
   671 | D:2      | Found Kifuhec's Book Boutique.
   675 | D:2      | Found Maish's Armour Shop.
   717 | D:2      | Found Zaerekk's General Store.
   761 | D:2      | Reached XP level 3. HP: 36/36 MP: 2/2
   859 | D:2      | Found Pyxeof's Book Shop.
  1186 | D:2      | Noticed Sigmund
  1213 | D:2      | Killed from afar by Sigmund

Illustrated notes

Levels and vault maps discovered:
D:1:      dpeg_arrival_tiny_j, layout_loops_cross,
          hellmonk_ecumenical_altar_blasted
D:2:      layout_rooms, serial_shops, shop, shop, shop_fountains,
          nicolae_diamond_shop, uniq_sigmund

Skill      XL: |  1  2 |
---------------+-------+-----
Maces & Flails | 3 |  3.3
Fighting       | |  2.8
Dodging        | |  2.8
Stealth        | |  1.2

Action                   || total
-------------------------++-------
Melee: Mace              ||    87
       Punch             ||     1
 Stab: Sleeping          ||     4
Armor: Robe              ||    29
Dodge: Dodged            ||    51
